 Dungeon Crawl Stone Soup version 0.27.1-33-g824d729ab1 (webtiles) character file.

Game seed: 2319166484384306528

39 erik8world the Skirmisher (level 3, -8/29 HPs)
             Began as a Demonspawn Abyssal Knight on Dec 17, 2021.
             Was a Follower of Lugonu.
             Mangled by a worm (9 damage)
             ... on level 2 of the Dungeon.
             The game lasted 00:06:10 (1933 turns).

erik8world the Skirmisher (DsAK)                    Turns: 1933, Time: 00:06:10

Health: -8/29      AC:  6    Str: 13    XL:     3   Next: 28%
Magic:  4/4        EV: 10    Int: 13    God:    Lugonu [*.....]
Gold:   43         SH:  0    Dex: 12    Spells: 2/2 levels left

rFire    . . .     SeeInvis .   a - +1 falchion
rCold    . . .     Faith    .   (no shield)
rNeg     . . .     Spirit   .   k - +0 ring mail
rPois    .         Reflect  .   (no helmet)
rElec    .         Harm     .   (no cloak)
rCorr    .         Rampage  .   (no gloves)
Will     .....                  (no boots)
Stlth    +.........             (no amulet)
HPRegen  0.09/turn              (no ring)
MPRegen  0.09/turn              (no ring)

@: no status effects
A: rugged brown scales 1
a: Renounce Religion, Depart the Abyss


You were on level 2 of the Dungeon.
You worshipped Lugonu.
Lugonu was aware of your devotion.
You visited 1 branch of the dungeon, and saw 2 of its levels.
You visited the Abyss 1 time.

You collected 43 gold pieces.

Inventory:

Hand Weapons
 a - a +1 falchion (weapon)
Missiles
 l - 4 atropa-tipped darts
Armour
 b - a +0 leather armour
 i - a +0 leather armour
 k - a +0 ring mail (worn)
Jewellery
 n - a ring of protection from fire
Scrolls
 f - 2 scrolls of identify {unknown}
 g - a scroll of vulnerability {unknown}
Potions
 c - a potion of curing {unknown}
 d - a potion of lignification {unknown}
 e - a potion of brilliance {unknown}
 h - a potion of cancellation {unknown}
 j - a potion of degeneration {unknown}
 m - a potion of might {unknown}


   Skills:
 + Level 3.6 Fighting
 + Level 2.3 Long Blades
 + Level 2.0 Armour
 + Level 1.2 Dodging
 + Level 2.6 Invocations


You had 2 spell levels left.
You didn't know any spells.
Your spell library was empty.

Dungeon Overview and Level Annotations

Branches:
Dungeon (2/15)

Altars:


Innate Abilities, Weirdness & Mutations

You are partially covered in rugged brown scales. (AC +1, +3% HP)


Message History

You barely miss the worm. The worm bites you but does no damage.
You hit the worm.
The worm is lightly wounded.
You barely miss the worm.
The worm is lightly wounded.
The worm bites you.
You barely miss the worm.
The worm is lightly wounded.
The worm bites you.
You hit the worm.
The worm is moderately wounded.
You hit the worm.
The worm is severely wounded.
The worm bites you!
You hit the worm but do no damage.
The worm is heavily wounded.
The worm bites you but does no damage.
You barely miss the worm.
The worm is heavily wounded.
The worm closely misses you.
You hit the worm.
The worm is heavily wounded.
You hit the worm but do no damage.
The worm is heavily wounded.
The worm bites you!
* * * LOW HITPOINT WARNING * * *
You hit the worm.
The worm is heavily wounded.
The worm bites you.
* * * LOW HITPOINT WARNING * * *
You barely miss the worm.
The worm is heavily wounded.
You hit the worm.
The worm is almost dead.
The worm bites you.
* * * LOW HITPOINT WARNING * * *
You hit the worm but do no damage.
The worm is severely wounded.
The worm bites you!
You die...

######## #.....)### ###
#......#.. ..# #########
.......#.# #.# #.......#
.......#.# #.# #.......#
......†#.# #.# #......^#
.......#.###.###.......#
................@w.....#
.................>.....#
##......#..............#
##..(...#.....#(#..#####
#.......#..........#
#......##.....#.#..#
#......##..........#
#...)..###+#########
#####..#


You could see a worm.

Vanquished Creatures
  A worm (D:2)
  2 dart slugs (D:1)
  3 bats
  3 endoplasms (D:1)
  2 goblins
  5 hobgoblins
  4 jackals (D:1)
  3 ball pythons
  A frilled lizard (D:1)
  2 kobolds (D:1)
  3 rats
29 creatures vanquished.

Notes
Turn   | Place    | Note
-------+----------+-------------------------------------------
     0 | Abyss:1  | erik8world the Demonspawn Abyssal Knight began the quest
                  | for the Orb.
     0 | Abyss:1  | Reached XP level 1. HP: 18/18 MP: 2/2
   129 | Abyss:1  | Noticed a thrashing horror
   129 | Abyss:1  | Noticed a starcursed mass
   130 | D:1      | Escaped the Abyss
   185 | D:1      | Reached * piety under Lugonu
   538 | D:1      | Reached skill level 1 in Dodging
   538 | D:1      | Gained mutation: You are partially covered in rugged brown
                  | scales. (AC +1, +3% HP) [demonic ancestry]
   538 | D:1      | Reached XP level 2. HP: 13/24 MP: 3/3
   955 | D:1      | Found a faded altar of an unknown god.
  1369 | D:1      | Reached XP level 3. HP: 29/29 MP: 4/4
  1932 | D:2      | HP: 1/29 [worm (1)]
  1933 | D:2      | Mangled by a worm

Illustrated notes

Levels and vault maps discovered:
D:1:      ebering_hopf_link, layout_basic, basic_ecumenical_altar
D:2:      layout_basic, serial_glass, glass_columns_c, glass_columns_a

Skill      XL: |  1  2 |
---------------+-------+-----
Dodging        | 1 |  1.2
Long Blades    | 2 |  2.3
Armour         | 2 |  2.0
Fighting       | |  3.6
Invocations    | |  2.6

Action                   || total
-------------------------++-------
Melee: Falchion          ||   105
Invok: Depart the Abyss  ||     1
Armor: Leather armour    ||    43
       Ring mail         ||    10
Dodge: Dodged            ||    76
       Rpst.: Falchion   ||    26
